 Dungeon Crawl Stone Soup version 0.22.1-1-ga44c0e5 (webtiles) character file.

273 tifemel the Shooter (level 6, -4/51 HPs)
             Began as a Centaur Hunter on Sept 28, 2018.
             Slain by a bullfrog (7 damage)
             ... in a sewer.
             The game lasted 00:14:48 (4106 turns).

tifemel the Shooter (Centaur Hunter)                Turns: 4106, Time: 00:14:49

Health: -4/51      AC:  5    Str: 16    XL:     6   Next: 3%
Magic:  6/6        EV:  9    Int: 10    God:
Gold:   183        SH:  0    Dex: 10    Spells: 5/5 levels left

rFire    . . .     SeeInvis .   b - +0 short sword
rCold    . . .     Gourm    .   (no shield)
rNeg     . . .     Faith    .   c - +0 leather armour
rPois    .         Spirit   .   (no helmet)
rElec    .         Reflect  .   m - +0 cloak
rCorr    .         Harm     .   (no gloves)
MR       .....                  (no barding)
Stlth    +.........             (no amulet)
HPRegen  0.17/turn              (no ring)
MPRegen  0.10/turn              (no ring)

@: very quick
A: large, hooves 3, deformed body, speed 2, tough skin 3
a: no special abilities


You were in a sewer.
You were hungry.

You visited 1 branch of the dungeon, and saw 3 of its levels.
You also visited: Sewer.

You collected 183 gold pieces.

Inventory:

Hand Weapons
 a - a +1 shortbow
 b - a +0 short sword (weapon)
Missiles
 t - 8 arrows
Armour
 c - a +0 leather armour (worn)
 m - a +0 cloak (worn)
 n - a +0 scale mail of poison resistance
Jewellery
 g - an uncursed amulet of the acrobat {unknown}
Scrolls
 e - a scroll of blinking {unknown}
 h - a scroll of teleportation {unknown}
 j - a scroll of amnesia {unknown}
 k - 2 scrolls of fog {unknown}
 o - a scroll of remove curse {unknown}
 p - 4 scrolls of noise {unknown}
Potions
 d - a potion of brilliance {unknown}
 i - a potion of curing
 l - a potion of lignification {unknown}
 q - a potion of magic {unknown}
 r - 2 potions of might {unknown}
 s - a potion of experience {unknown}
Comestibles
 f - 3 rations


   Skills:
 + Level 3.0 Fighting
 * Level 4.1 Short Blades
 + Level 6.6 Bows
 - Level 1.3 Dodging
 - Level 0.4 Stealth


You had 5 spell levels left.
You didn't know any spells.
Your spell library was empty.

Dungeon Overview and Level Annotations

Branches:
Dungeon (3/15)

Altars:


Innate Abilities, Weirdness & Mutations

You have hooves in place of feet.
Armour fits poorly on your strangely shaped body.
You cover ground very quickly.
You have extremely tough skin. (AC +3)


Message History

* * * LOW HITPOINT WARNING * * *
The bullfrog completely misses you.
You barely miss the ball python. Your kick misses the ball python.
The ball python is severely wounded.
The adder bites you.
* * * LOW HITPOINT WARNING * * *
The ball python barely misses you.
The ball python bites you but does no damage.
The bullfrog barely misses you. x2
You feel better. The adder bites you.
* * * LOW HITPOINT WARNING * * *
The ball python closely misses you.
The bullfrog hits you but does no damage.
The ball python bites you but does no damage.
The bullfrog hits you.
* * * LOW HITPOINT WARNING * * *
The adder barely misses you. The ball python bites you.
* * * LOW HITPOINT WARNING * * *
The bullfrog hits you!
You die...

#..†..#≈≈≈≈≈≈≈#≈≈≈≈≈≈≈
#..(.#################
##...## #.(†#####
#....'..# #....#..#
##...####
#...S#################
#..SS@.≈≈≈≈≈≈≈≈≈≈≈≈≈≈≈
##..SFFS≈≈≈≈≈≈≈≈≈≈≈≈≈≈
#....≈≈≈≈≈≈≈≈≈≈≈≈≈≈≈#
#....≈≈≈≈≈≈≈#≈≈≈≈≈≈≈≈
##...≈≈≈≈≈≈≈≈..≈≈≈≈≈≈
###.#≈≈≈≈≈≈≈≈≈≈≈≈≈≈≈
##################


You could see 2 bullfrogs, an adder and 4 ball pythons.

Vanquished Creatures
  A centaur skeleton (D:3)
  Terence (D:2)
  3 gnolls (D:3)
  7 adders
  4 river rats (Sewer)
  A worm (D:2)
  2 dart slugs (D:1)
  2 leopard geckos
  An orc (D:3)
  3 giant cockroaches
  11 hobgoblins
  2 jackals (D:2)
  A quokka (D:2)
  11 ball pythons
  5 bats
  6 frilled lizards
  4 goblins
  4 kobolds
  31 rats
100 creatures vanquished.

Notes
Turn   | Place    | Note
-------+----------+-------------------------------------------
     0 | D:1      | tifemel the Centaur Hunter began the quest for the Orb.
     0 | D:1      | Reached XP level 1. HP: 17/17 MP: 1/1
   431 | D:1      | Reached XP level 2. HP: 17/24 MP: 2/2
   571 | D:1      | Reached skill level 1 in Short Blades
  1621 | D:1      | Reached XP level 3. HP: 25/29 MP: 3/3
  1869 | D:2      | Reached skill level 6 in Bows
  2397 | D:2      | Noticed Terence
  2441 | D:2      | Killed Terence
  2441 | D:2      | Reached XP level 4. HP: 34/37 MP: 4/4
  3062 | D:3      | Reached XP level 5. HP: 35/42 MP: 5/5
  3344 | D:3      | Found a glowing drain.
  3362 | Sewer    | Entered a sewer
  4099 | Sewer    | Reached XP level 6. HP: 19/51 MP: 6/6
  4106 | Sewer    | Slain by a bullfrog

Skill      XL: |  1  2  3  4  5 |
---------------+----------------+-----
Short Blades   | 1 2 3 4 |  4.1
Bows           | 6 |  6.6
Fighting       | 3 |  3.0
Dodging        | |  1.3
Stealth        | |  0.4

Action                   |  1- 3 |  4- 6 || total
-------------------------+-------+-------++-------
Melee: Short sword       |   133 |   136 ||   269
       Kick              |    15 |    26 ||    41
 Fire: Shortbow          |    23 |    66 ||    89
  Use: Potion            |       |     2 ||     2
  Eat: Chunk             |     4 |     4 ||     8
Armor: Leather armour    |    43 |    90 ||   133
Dodge: Dodged            |    58 |    95 ||   153
